Map: Lightshade LE

Players

Reynor - Winner!

  • Race: Zerg Zerg
  • League: Master

Serral

  • Race: Zerg Zerg
  • League: Master

Event: DreamHack SC2 Masters 2021 Summer

VOD

Have the link to the VOD?

Description

Time

  • Played on: June 4, 2021, 12:37 p.m.
  • Length: 6:50

All games in this series

Show
View Real Time Build Order
Export as new Build Order

Reynor Zerg - Winner!

Build Orders: Hatch First 

Get SALT Encoding   

  12  0:00  Drone  
  13  0:12  Overlord  
  13  0:16  Drone  
  14  0:30  Drone x2  
  16  0:49  Hatchery  
  15  0:51  Drone  
  15  0:54  Drone  
  17  0:57  Drone  
  18  1:08  Extractor  
  17  1:13  Spawning Pool  
  17  1:16  Drone  
  17  1:20  Drone  
  18  1:27  Drone  
  19  1:39  Drone  
  20  1:49  Drone  
  21  1:59  Overlord  
  21  2:00  Queen x2  
  21  2:01  Zergling x2  
  26  2:09  Metabolic Boost  
  26  2:11  Drone  
  26  2:12  Drone  
  28  2:21  Drone  
  28  2:22  Drone  
  30  2:33  Hatchery  
  30  2:35  Drone  
  30  2:41  Baneling Nest  
  30  2:42  Drone  
  30  2:46  Drone  
  30  2:47  Drone  
  32  2:53  Overlord  
  32  2:56  Drone  
  33  3:04  Drone  
  34  3:06  Zergling x2  
  34  3:10  Zergling x2  
  34  3:11  Zergling x8  
  34  3:12  Zergling x2  
  41  3:19  Evolution Chamber  
  40  3:21  Queen  
  40  3:24  Baneling x2  
  42  3:27  Overlord  
  42  3:30  Drone  
  42  3:32  Drone  
  44  3:45  Overlord  
  44  3:46  Drone x3  
  44  3:48  Drone x3  
  49  3:56  Roach Warren  
  49  3:57  Drone  
  49  3:58  Drone  
  49  4:02  Extractor  
  49  4:05  Drone  
  49  4:08  Drone  
  51  4:10  Drone  
  51  4:13  Drone x2  
  51  4:15  Overlord  
  54  4:22  Drone  
  55  4:25  Overlord  
  55  4:30  Drone  
  55  4:31  Drone  
  57  4:34  Drone x2  
  57  4:37  Extractor  
  57  4:38  Drone  
  59  4:44  Roach  
  59  4:45  Roach x4  
  69  4:46  Roach  
  69  4:47  Roach  
  69  4:50  Roach x2  
  69  4:52  Overlord  
  77  4:57  Roach  
  77  4:59  Drone x2  
  81  5:01  Drone  
  81  5:05  Overlord  
  81  5:08  Overlord  
  81  5:16  Roach x4  
  81  5:17  Overlord  
  81  5:19  Overlord  
  89  5:27  Zergling x2, Roach x3  
  96  5:29  Zergling x2  
  96  5:31  Overlord  
  97  5:37  Zergling x2, Roach x2  
  97  5:40  Overlord  
  97  5:42  Roach  
  104  5:44  Roach  
  104  5:49  Roach x2  
  109  5:51  Roach  
  109  5:54  Ravager x2  
  109  5:55  Zergling x2  
  114  5:59  Overlord  
  114  6:00  Ravager  
  114  6:01  Zergling x8  
  119  6:07  Zergling x10  
  119  6:08  Zergling x2  
  119  6:09  Ravager  
  119  6:10  Overlord  
  126  6:17  Roach x2  
  126  6:19  Roach  
  115  6:26  Roach  
  115  6:29  Roach  
  109  6:33  Zergling x2  
Show
View Real Time Build Order
Export as new Build Order

Serral Zerg 

Build Orders: Hatch First 

Get SALT Encoding   

  12  0:00  Drone  
  13  0:12  Overlord  
  13  0:17  Drone  
  14  0:30  Drone x2  
  16  0:48  Hatchery  
  15  0:51  Drone  
  15  0:54  Drone  
  17  1:07  Spawning Pool  
  17  1:10  Extractor  
  15  1:12  Drone  
  15  1:16  Drone  
  17  1:20  Drone  
  18  1:27  Drone  
  19  1:38  Drone  
  20  1:49  Overlord  
  20  1:54  Queen  
  20  1:59  Queen  
  20  2:00  Zergling x2  
  20  2:01  Drone  
  26  2:10  Drone  
  26  2:11  Drone  
  26  2:12  Metabolic Boost  
  28  2:21  Drone  
  28  2:22  Drone  
  30  2:32  Zergling x2  
  31  2:37  Hatchery  
  31  2:40  Drone  
  31  2:45  Baneling Nest  
  31  2:46  Drone  
  31  2:51  Overlord  
  31  2:54  Drone  
  31  2:56  Drone  
  33  3:05  Drone  
  34  3:06  Zergling x4  
  34  3:10  Drone x2  
  34  3:11  Drone  
  39  3:14  Drone  
  39  3:16  Zergling x2  
  39  3:18  Zergling x2  
  42  3:27  Overlord  
  42  3:32  Roach Warren  
  42  3:33  Extractor  
  40  3:34  Baneling  
  40  3:36  Evolution Chamber  
  40  3:38  Baneling  
  40  3:39  Zergling x2  
  40  3:42  Drone  
  40  3:43  Drone x3  
  40  3:47  Drone x2  
  46  3:50  Drone  
  46  3:52  Drone  
  46  3:53  Drone  
  49  4:00  Overlord  
  49  4:02  Zerg Missile Weapons Level 1  
  49  4:07  Drone x2  
  51  4:13  Overlord  
  51  4:14  Roach  
  53  4:20  Roach x2  
  53  4:21  Drone x2  
  53  4:22  Drone  
  60  4:26  Queen  
  60  4:28  Drone  
  60  4:30  Drone  
  63  4:34  Lair  
  63  4:37  Roach  
  65  4:41  Roach  
  65  4:44  Drone x3  
  70  4:47  Overlord  
  70  4:49  Drone x2  
  70  4:51  Drone  
  73  4:54  Drone  
  73  4:56  Overlord  
  73  4:57  Overlord  
  74  5:02  Overlord  
  73  5:07  Extractor  
  73  5:09  Extractor, Roach x2  
  75  5:15  Roach  
  75  5:20  Overlord  
  77  5:24  Drone x8  
  85  5:31  Overlord  
  85  5:33  Spire  
  85  5:35  Overseer  
  84  5:37  Extractor  
  84  5:38  Extractor, Drone x3  
  84  5:41  Roach x3  
  91  5:45  Overlord  
  91  5:50  Overlord  
  91  5:53  Roach  
  91  5:54  Roach x2  
  91  5:55  Roach  
  99  5:59  Spine Crawler  
  99  6:02  Baneling x3  
  100  6:05  Roach x5  
  101  6:19  Roach x7  
  101  6:24  Roach  
  102  6:30  Roach x3  
Tags
 
Add a new tag
Caveats
  • Supply blocks, unpowered buildings, or Contaminate may cause inaccurate times.
  • Supply counts are checked every 10 seconds.